 Dungeon Crawl Stone Soup version 0.23-a0-309-ge7838e6 (webtiles) character file.

14 Amnesiac the Sneak (level 2, 0/11 HPs)
             Began as a Felid Earth Elementalist on Oct 11, 2018.
             Slain by an orc priest (4 damage)
             ... on level 2 of the Dungeon.
             The game lasted 00:01:23 (265 turns).

Amnesiac the Sneak (Felid Earth Elementalist)        Turns: 265, Time: 00:01:24

Health: 0/11       AC:  1    Str:  4    XL:     2   Next: 27%
Magic:  3/6        EV: 18    Int: 16    God:
Gold:   0          SH:  0    Dex: 16    Spells: 2/5 levels left
                                        Lives:  0   Deaths: 0

rFire    . . .     SeeInvis +   (weapon unavailable)
rCold    + . .     Gourm    .   (shield unavailable)
rNeg     . . .     Faith    .   (armour unavailable)
rPois    .         Spirit   .   (helmet unavailable)
rElec    .         Reflect  .   (cloak unavailable)
rCorr    .         Harm     .   (gloves unavailable)
MR       .....                  (boots unavailable)
Stlth    +++.......             (no amulet)
HPRegen  0.03/turn              a - ring of protection from cold
MPRegen  0.10/turn              (no ring)

@: quick
A: very small, no armour, no weapons or thrown items, stealth, claws 1, fangs 3,
see invisible, carnivore, speed 1, shaggy fur 1, slow metabolism 1, sharp paws
a: no special abilities


You were on level 2 of the Dungeon.
You were full.

You visited 1 branch of the dungeon, and saw 3 of its levels.

Inventory:

Missiles
 b - 63 stones
Jewellery
 a - a ring of protection from cold (left paw)
Potions
 d - a potion of curing {!q, unknown}
Comestibles
 c - a ration


   Skills:
 - Level 2.6 Dodging
 - Level 3.1 Stealth
 * Level 0.7 Unarmed Combat
 - Level 2.0 Spellcasting
 + Level 1.1 Transmutations
 - Level 3.1 Earth Magic


You had 2 spell levels left.
You knew the following spells:

 Your Spells              Type           Power        Failure   Level  Hunger
a - Sandblast             Erth           ##....       6%          1    #......
b - Passwall              Tmut/Erth      #.......     13%         2    ###....

Your spell library contained the following spells:

 Spells                   Type           Power        Failure   Level  Hunger
 Stone Arrow              Conj/Erth      #.....       32%         3    ###....
 Petrify                  Tmut/Erth      #.......     65%         4    #####..
 Lee's Rapid Deconstruct  Erth           ##........   85%         5    ######.


Dungeon Overview and Level Annotations

Branches:
Dungeon (3/15)

Altars:


Innate Abilities, Weirdness & Mutations

You cannot wear armour.
You are incapable of wielding weapons or throwing items.
Your paws allow you to move quietly. (Stealth)
You have sharp claws.
You have razor-sharp teeth.
You have supernaturally acute eyesight. (SInv)
You are carnivorous and can eat meat at any time.
You cover ground quickly.
You are covered in fur. (AC +1)
You have a slow metabolism.
Your sharp claws are effective at attacking unaware monsters.


Message History

Your Earth Magic skill increases to level 3!
You have reached level 2!
d - a pink potion {!q} You see here an adder corpse.
You butcher the adder corpse.
f - 2 chunks of flesh You see here an adder skeleton.
You start resting.
Eating one of 2 chunks of flesh.
You eat one of the 2 chunks of flesh.
This raw flesh tastes great.
Eating a chunk of flesh.
You eat the chunk of flesh.
This raw flesh tastes great.
Your magical contamination has completely faded away.
You start resting.
HP restored.
You start resting.
Magic restored.
Put on which piece of jewellery? (? for menu, Esc to quit)
Okay, then.
Memorise Passwall, consuming 2 spell levels and leaving 2?
You start memorising the spell.
You continue memorising. x2
You finish memorising.
Spell assigned to 'b'.
There is a stone staircase leading down here.
You climb downwards.
A goblin, 3 orcs, an orc priest and an orc wizard come into view.
The orc shouts!
The goblin shouts!
The orc priest shouts!
The orc wizard shouts!
The orc shouts!
Found three items.
There is a stone staircase leading up here.
The orc priest hits you.
The orc wizard mumbles some strange words.
The orc wizard blinks!
You climb upwards.
There is a stone staircase leading down here.
Casting: Sandblast (safe; 6% risk of failure)
Confirm with . or Enter, or press ? or * to list all spells.
Aiming: Sandblast (safe; 6% risk of failure)
Press: ? - help, Shift-Dir - straight line, f - orc priest
Aim: an orc priest The blast of sand misses the orc priest.
b - 65 stones The orc priest completely misses you.
Unknown command.
Casting: Sandblast (safe; 6% risk of failure)
Confirm with . or Enter, or press ? or * to list all spells.
Aiming: Sandblast (safe; 6% risk of failure)
Press: ? - help, Shift-Dir - straight line, f/p - orc priest
Aim: an orc priest The blast of sand hits the orc priest.
The orc priest is heavily wounded.
b - 64 stones The orc priest hits you.
Ouch! That really hurt!
* * * LOW HITPOINT WARNING * * *
Unknown command.
Casting: Sandblast (safe; 6% risk of failure)
Confirm with . or Enter, or press ? or * to list all spells.
Aiming: Sandblast (safe; 6% risk of failure)
Press: ? - help, Shift-Dir - straight line, f/p - orc priest
Aim: an orc priest (heavily wounded)
The blast of sand hits the orc priest.
The orc priest is almost dead.
b - 63 stones The orc priest hits you.
You die...

#######
##.#...### .
....#....
....###.....#
.......@...#
########o#######
...............
....###.##.###.
.. #.##.#
#.##.## #
#.#...##.####
#...#........
#.#..........


You could see an orc priest.

Vanquished Creatures
  An adder (D:2)
  A goblin (D:1)
  A hobgoblin (D:1)
  A kobold (D:1)
  A rat (D:1)
5 creatures vanquished.

Notes
Turn   | Place    | Note
-------+----------+-------------------------------------------
     0 | D:1      | Amnesiac the Felid Earth Elementalist began the quest for
                  | the Orb.
     0 | D:1      | Reached XP level 1. HP: 7/7 MP: 4/4
     3 | D:1      | Noticed an electric eel
     3 | D:1      | Noticed an electric eel
   171 | D:1      | You fall through a shaft!
   194 | D:2      | Reached XP level 2. HP: 10/11 MP: 0/6
   242 | D:2      | Learned a level 2 spell: Passwall
   265 | D:2      | Slain by an orc priest

Vault maps used:
D:1:      arrival_aquarium_b
D:2:      old_standard_altar, uniq_crazy_yiuf_cottage, uniq_robin, uniq_natasha
D:3:      lemuel_crystal_altar, minmay_stone_trees_small, uniq_grinder

Skill      XL: |  1 |
---------------+----+-----
Stealth        | 3 |  3.1
Earth Magic    | 3 |  3.1
Dodging        | |  2.6
Unarmed Combat | |  0.7
Spellcasting   | |  2.0
Transmutations | |  1.1

Action                   || total
-------------------------++-------
Melee: Unarmed           ||    16
 Cast: Sandblast         ||     6
 Stab: Sleeping          ||     1
  Eat: Chunk             ||     3
Dodge: Dodged            ||    16

Table legend:
 A = Non-vault XP
 B = Vault XP
 C = Vault XP percentage of total XP
 D = Non-vault monster count
 E = Vault monster count
 F = Vault count percentage of total count
                 A         B        C        D         E       F
            +---------+---------+-------+---------+---------+-------
      Total |      20 |       0 |   0.0 |       5 |       0 |   0.0
            +---------+---------+-------+---------+---------+-------
        D:1 |       6 |       0 |   0.0 |       4 |       0 |   0.0
        D:2 |      14 |       0 |   0.0 |       1 |       0 |   0.0
            +---------+---------+-------+---------+---------+-------
